 Dungeon Crawl Stone Soup version 0.29.1-1-gd02db6906a (console) character file.

Game seed: 2124631551489253704

6 sentinel the Digger (level 2, -1/20 HPs)
             Began as a Meteoran Earth Elementalist on Sept 30, 2022.
             Slain by a jackal (3 damage)
             ... on level 1 of the Dungeon.
             The game lasted 00:00:03 (80 turns).

sentinel the Digger (Meteoran Earth Elementalist)     Turns: 80, Time: 00:00:03

Health: -1/20      AC:  2    Str:  9    XL:     2   Next: 11%
Magic:  0/6        EV: 12    Int: 16    God:
Gold:   0          SH:  0    Dex: 14    Spells: 5/6 levels left

rFire   . . .      SeeInvis .   (no weapon)
rCold   . . .      Faith    .   (no shield)
rNeg    . . .      Spirit   .   a - +0 robe
rPois   .          Reflect  .   (no helmet)
rElec   .          Harm     .   (no cloak)
rCorr   .          Rampage  .   (no gloves)
Will    .....                   (no boots)
Stlth   +.........              (no amulet)
HPRegen 0.06/turn               (no ring)
MPRegen 0.10/turn               (no ring)

@: glowing
A: sense surroundings 1, otherworldly, glowing, explore regen
a: no special abilities


You were on level 1 of the Dungeon.
You visited 1 branch of the dungeon, and saw 1 of its levels.

Inventory:

Armour
 a - a +0 robe (worn)
Potions
 b - a potion of magic


   Skills:
 - Level 2.4 Dodging
 - Level 1.4 Stealth
 - Level 2.6 Spellcasting
 - Level 1.2 Transmutations
 + Level 4.2 Earth Magic


You had 5 spell levels left.
You knew the following spells:

 Your Spells              Type           Power      Damage    Failure   Level
a - Sandblast             Erth           30%        2d9       3%          1

Your spell library contained the following spells:

 Spells                   Type           Power      Damage    Failure   Level
 Passwall                 Tmut/Erth      8%         N/A       10%         2
 Stone Arrow              Conj/Erth      16%        3d8       24%         3
 Petrify                  Tmut/Erth      10%        N/A       54%         4


Dungeon Overview and Level Annotations

Branches:
Dungeon (1/15) Zot: 515

Altars:


Innate Abilities, Weirdness & Mutations

You passively map a small area around you.
You are easily found by Zot.
You glow in the dark.
You regain HP and MP as you explore.


Message History

No target in view!
You can't see any susceptible monsters within range! (Use Z to cast anyway.) Unknown command.
You can't see any susceptible monsters within range! (Use Z to cast anyway.) Unknown command.
You can't see any susceptible monsters within range! (Use Z to cast anyway.) Unknown command.
You can't see any susceptible monsters within range! (Use Z to cast anyway.) Unknown command.
No target in view!
No target in view!
You can't see any susceptible monsters within range! (Use Z to cast anyway.) Unknown command.
You can't see any susceptible monsters within range! (Use Z to cast anyway.) Unknown command.
You can't see any susceptible monsters within range! (Use Z to cast anyway.) Unknown command.
You can't see any susceptible monsters within range! (Use Z to cast anyway.) Unknown command.
No target in view!
No target in view!
You can't see any susceptible monsters within range! (Use Z to cast anyway.) Unknown command.
You can't see any susceptible monsters within range! (Use Z to cast anyway.) Unknown command.
You can't see any susceptible monsters within range! (Use Z to cast anyway.) Unknown command.
You can't see any susceptible monsters within range! (Use Z to cast anyway.) Unknown command.
Magic restored.
A kobold comes into view. It is wielding a +0 club.
Found 9 gold pieces.
Found a stone staircase leading down.
The kobold shouts!
A bat comes into view.
Unknown command.
But you're not safe!
Unknown command.
But you're not safe!
Unknown command.
But you're not safe!
Unknown command.
But you're not safe!
Unknown command.
The blast of sand hits the bat!
You kill the bat!
An endoplasm comes into view.
A jackal comes into view.
The blast of sand misses the kobold.
The jackal barks!
The endoplasm quivers.
A jackal comes into view.
Unknown command.
The blast of sand misses the kobold.
The jackal barks!
The kobold closely misses you. The kobold hits you with a +0 club.
Unknown command.
The blast of sand hits the kobold.
You kill the kobold!
A jackal comes into view.
Unknown command.
The blast of sand hits the jackal!
You kill the jackal!
The endoplasm closely misses you.
Your Earth Magic skill increases to level 4!
You have reached level 2!
Unknown command.
You completely miss the endoplasm. The endoplasm hits you.
You hit the endoplasm.
The endoplasm is heavily wounded.
The jackal bites you but does no damage.
The jackal bites you.
The endoplasm hits you but does no damage.
The blast of sand hits the endoplasm!
You kill the endoplasm!
Unknown command.
You are out of magic!
Unknown command.
You are out of magic!
Unknown command.
You hit the jackal but do no damage. The jackal closely misses you.
The jackal barely misses you.
You hit the jackal.
The jackal is lightly wounded.
The jackal barely misses you. The jackal bites you.
The jackal closely misses you. The jackal bites you.
You are out of magic!
Unknown command.
You are out of magic!
Unknown command.
You are out of magic!
Unknown command.
You are out of magic!
Unknown command.
But you're not safe!
Unknown command.
But you're not safe!
Unknown command.
But you're not safe!
Unknown command.
But you're not safe!
Unknown command.
But you're not safe!
Unknown command.
You hit the jackal but do no damage.
The jackal is lightly wounded.
The jackal barely misses you. The jackal completely misses you.
You closely miss the jackal.
The jackal is lightly wounded.
A bat comes into view.
The jackal bites you but does no damage.
The jackal bites you.
You are out of magic!
Unknown command.
You are out of magic!
Unknown command.
You are out of magic!
Unknown command.
You are out of magic!
Unknown command.
You hit the jackal but do no damage.
The jackal is lightly wounded.
The jackal bites you. x2; The jackal barely misses you.
The jackal closely misses you.
You barely miss the jackal.
The jackal is lightly wounded.
The bat hits you but does no damage. The jackal completely misses you.
The jackal barely misses you.
You are out of magic!
Unknown command.
You are out of magic!
Unknown command.
You are out of magic!
Unknown command.
You are out of magic!
Unknown command.
You barely miss the jackal.
The jackal is lightly wounded.
The bat hits you but does no damage.
The jackal bites you but does no damage.
The jackal misses you. The bat barely misses you.
The jackal bites you but does no damage.
The jackal bites you.
You hit the jackal.
The jackal is moderately wounded.
The bat barely misses you. The jackal closely misses you. x2
The blast of sand hits the jackal but does no damage.
The jackal is moderately wounded.
The bat misses you. The jackal bites you.
* * * LOW HITPOINT WARNING * * *
The jackal misses you. The jackal barely misses you. The jackal bites you.
You die...

, #p#.#Q#...##.#, , **
,###'###......## , , *
, #.##..#*#...## , *,
*#.#..## #....#, ,
####...#####.#..##
##............##..##
.##..###...#######...#
.........#####†....###
_ .....######
#..@###.# * *... , *
#.bhh.##..# * , .# , ,
.......>.###.# ,
,.........# .#
......$...* .# *,
........... .. * ,
........... . , ,
....##+##### , *


You could see 2 jackals and a bat.

Vanquished Creatures
  A bat (D:1)
  An endoplasm (D:1)
  A jackal (D:1)
  A kobold (D:1)
  A rat (D:1)
5 creatures vanquished.

Notes
Turn   | Place    | Note
-------+----------+-------------------------------------------
     0 | D:1      | sentinel the Meteoran Earth Elementalist began the quest
                  | for the Orb.
     0 | D:1      | Reached XP level 1. HP: 14/14 MP: 5/5
     2 | D:1      | Noticed a demigod
     2 | D:1      | Noticed a draconian
     4 | D:1      | Noticed a demonspawn
     6 | D:1      | Noticed a vampire
     6 | D:1      | Noticed an ogre
     8 | D:1      | Noticed a tengu
     8 | D:1      | Noticed a ghoul
    10 | D:1      | Noticed a gargoyle
    10 | D:1      | Noticed a naga
    12 | D:1      | Noticed a vine stalker
    12 | D:1      | Noticed a felid
    14 | D:1      | Noticed a formicid
    14 | D:1      | Noticed a meteoran
    16 | D:1      | Noticed a palentonga
    16 | D:1      | Noticed a human
    18 | D:1      | Noticed a spriggan
    20 | D:1      | Noticed a merfolk
    22 | D:1      | Noticed an elf
    22 | D:1      | Noticed an octopode
    24 | D:1      | Noticed a human
    24 | D:1      | Noticed a minotaur
    26 | D:1      | Noticed a demigod
    26 | D:1      | Noticed a tengu
    69 | D:1      | Reached skill level 4 in Earth Magic
    69 | D:1      | Reached XP level 2. HP: 16/20 MP: 0/6
    80 | D:1      | Slain by a jackal

Illustrated notes

Levels and vault maps discovered:
D:1:      kb_arrival_jail, layout_rooms,
          hellmonk_ecumenical_altar_defaced_shrine, minivault_25

Skill      XL: |  1 |
---------------+----+-----
Earth Magic    | 4 |  4.2
Dodging        | |  2.4
Stealth        | |  1.4
Spellcasting   | |  2.6
Transmutations | |  1.2

Action                   || total
-------------------------++-------
Melee: Unarmed           ||    10
 Cast: Sandblast         ||     8
Armor: Robe              ||     7
Dodge: Dodged            ||    20
